 Dungeon Crawl Stone Soup version 0.25.1-4-g9407a263a5 (webtiles) character file.

Game seed: 6264282598244167683

9712 Gabide the Basher (level 11, 0/111 HPs)
             Began as a Human Fighter on Nov 26, 2020.
             Was a High Priest of Hepliaklqana.
             Slain by a vampire (7 damage)
             ... on level 12 of the Dungeon.
             The game lasted 00:42:02 (11072 turns).

Gabide the Basher (Human Fighter)                  Turns: 11072, Time: 00:42:03

Health: 0/111      AC: 29    Str: 17 (19) XL:     11   Next: 79%
Magic:  11/11      EV:  2    Int:  7 (9)  God:    Hepliaklqana [*****.]
Gold:   565        SH: 10    Dex: 10 (13) Spells: 10/10 levels left

rFire    . . .     SeeInvis .   z - +1 morningstar
rCold    + . .     Gourm    .   c - +0 kite shield
rNeg     + + +     Faith    +   (armour currently unavailable)
rPois    +         Spirit   .   (helmet currently unavailable)
rElec    .         Reflect  .   (cloak currently unavailable)
rCorr    .         Harm     .   (gloves currently unavailable)
MR       .....     NoTele   +   (boots currently unavailable)
Stlth    +.........             p - amulet of faith
HPRegen  0.28/turn              k - ring of protection from cold
MPRegen  0.12/turn              m - +4 ring of protection

@: mighty, tree-form
A: reduced essence
a: Recall Ancestor, Ancestor Identity, Transference, Idealise, Renounce Religion


You were on level 12 of the Dungeon.
You worshipped Hepliaklqana.
Hepliaklqana was extremely pleased with you.
You were not hungry.
You were a tree.
You visited 1 branch of the dungeon, and saw 11 of its levels.

You collected 565 gold pieces.

Inventory:

Hand Weapons
 a - a +2 flail
 g - a +0 arbalest of flaming
 z - a +1 morningstar (weapon)
Missiles
 e - 9 poisoned darts
 w - 4 boomerangs (quivered)
Armour
 c - a +0 kite shield (worn)
 i - a +0 cloak (melded)
 l - a +0 plate armour
 o - a +3 chain mail (melded)
 B - +0 steam dragon scales
Jewellery
 k - a ring of protection from cold (left branch)
 m - a +4 ring of protection (right branch)
 p - an amulet of faith (around neck)
 u - an uncursed ring of resist corrosion
 y - an uncursed ring of wizardry
 G - an uncursed amulet of the acrobat {unknown}
Wands
 b - a wand of iceblast (9)
 h - a wand of flame (27)
 r - a wand of polymorph (10)
 E - a wand of disintegration (6)
Scrolls
 n - 5 scrolls of remove curse
 C - 2 scrolls of magic mapping
Potions
 D - a potion of cancellation {unknown}
Comestibles
 f - 9 rations


   Skills:
 + Level 6.5 Fighting
 * Level 12.9 Maces & Flails
 * Level 2.0 Crossbows
 - Level 0.3 Throwing
 + Level 7.5 Armour
 + Level 3.1 Dodging
 - Level 0.1 Stealth
 + Level 7.4 Shields


You had 10 spell levels left.
You didn't know any spells.
Your spell library was empty.

Dungeon Overview and Level Annotations

Branches:
Dungeon (12/15)            Temple (0/1) D:5
   Lair: D:8-11         Orc: D:9-12

Altars:
Cheibriados
Hepliaklqana
Makhleb
Nemelex Xobeh
Okawaru
Ru
Trog
Wu Jian
Xom
Zin


Message History

It was a potion of degeneration.
There was something very wrong with that liquid.
You feel weakened.
You feel dopey.
You feel clumsy.
Ramose emerges from the mists of memory!
Something completely misses you. Something bites you!
* * * LOW HITPOINT WARNING * * *
Something draws strength from your injuries!
You hear some strange, mumbled words.
Something tries to affect you, but you resist.
Ramose barely misses something.
It was a potion of lignification.
You turn into a tree.
Your +0 cloak melds into your body.
Your +3 chain mail melds into your body.
Your roots penetrate the ground.
Ramose hits something with a +0 quarterstaff.
Okay, then.
You miss something. Something hits you but does no damage.
Something bites you but does no damage.
You closely miss something. Something hits you!
You die...

... #.# #.#
#.#
#####.#####
#..........
#####..<..###
.........♣..#
#####...R.#.#
#.....# .?
###.### ##
#.# #.. ###


You could see the friendly Ramose the battlemage.

Vanquished Creatures
  Josephine (D:10)
  A skeletal warrior (D:11)
  Pikel (D:5)
  2 centaur zombies (D:11)
  A komodo dragon (D:6)
  A troll (D:11)
  A hornet (D:11)
  A hippogriff (D:10)
  A wyvern (D:8)
  A wraith (D:10)
  5 yaks (D:11)
  A steam dragon (D:11)
  3 ice beasts
  2 hornet zombies
  A sky beast (D:10)
  2 orc warriors
  2 slaves (D:5)
  A black bear (D:6)
  A necrophage (D:8)
  3 ogres
  A phantom (D:8)
  A crocodile (D:10)
  5 bullfrogs
  A scorpion (D:6)
  3 wights (D:8)
  3 crimson imps
  2 orc wizards
  A quasit (D:11)
  Crazy Yiuf (D:2)
  2 orc priests (D:10)
  2 centaur skeletons
  2 hounds
  6 jellies
  5 worker ants
  An iguana (D:8)
  2 hound zombies
  A hound skeleton (D:11)
  5 adders
  2 gnolls (D:5)
  2 shadow imps
  7 oozes
  A worm (D:1)
  3 leopard geckos
  13 orcs
  13 bats
  4 giant cockroaches
  7 goblins
  7 hobgoblins
  6 jackals
  A quokka (D:5)
  2 ball pythons
  3 frilled lizards
  A jackal zombie (D:5)
  11 kobolds
  A quokka zombie (D:7)
  4 rats
164 creatures vanquished.

Vanquished Creatures (collateral kills)
  A hornet (D:7)
  A hippogriff (D:10)
  4 wraiths (D:10)
  A yak (D:11)
  A hungry ghost (D:10)
  Duvessa (D:6)
  A sky beast (D:6)
  An ice beast (D:6)
  An ogre (D:6)
  2 centaurs
  A big kobold (D:7)
  2 bullfrogs
  Dowan (D:6)
  A scorpion (D:6)
  A wight (D:8)
  A howler monkey (D:6)
  3 crimson imps
  A bullfrog skeleton (D:6)
  5 orc wizards
  Terence (D:2)
  A hound zombie (D:10)
  A worker ant zombie (D:6)
  4 adders
  A gnoll (D:5)
  2 oozes
  An adder zombie (D:7)
  A dart slug (D:3)
  10 orcs
  2 goblins (D:8)
  A hobgoblin (D:2)
  4 jackals
  6 kobolds
  2 quokkas
  2 frilled lizards (D:2)
  2 rats (D:2)
71 creatures vanquished.

Vanquished Creatures (others)
  An orc wizard (D:5)
  9 battlemagi
  3 adders
  A shadow imp (D:5)
  An adder skeleton (D:5)
  An ancestor (D:2)
  A quokka zombie (D:6)
  3 fungi (D:2)
  8 toadstools (D:2)
28 creatures vanquished.

Grand Total: 263 creatures vanquished

Notes
Turn   | Place    | Note
-------+----------+-------------------------------------------
     0 | D:1      | Gabide the Human Fighter began the quest for the Orb.
     0 | D:1      | Reached XP level 1. HP: 18/18 MP: 1/1
    64 | D:1      | Reached XP level 2. HP: 12/24 MP: 2/2
   558 | D:1      | Reached XP level 3. HP: 25/29 MP: 3/3
  1022 | D:2      | Found a hazy altar of Hepliaklqana.
  1054 | D:2      | Became a worshipper of Hepliaklqana the Forgotten
  1092 | D:2      | Reached skill level 3 in Maces & Flails
  1127 | D:2      | Reached XP level 4. HP: 29/31 MP: 4/4
  1369 | D:2      | Found a runed translucent door.
  1370 | D:2      | Noticed Crazy Yiuf
  1381 | D:2      | Killed Crazy Yiuf
  1640 | D:2      | Reached XP level 5. HP: 30/36 MP: 5/5
  2007 | D:2      | Reached * piety under Hepliaklqana
  2036 | D:2      | Noticed Terence
  2050 | D:2      | Killed Terence
  2050 | D:2      | Reached skill level 4 in Maces & Flails
  2167 | D:2      | Reached XP level 6. HP: 36/42 MP: 6/6
  2589 | D:3      | Reached skill level 5 in Maces & Flails
  3322 | D:4      | Found an ornate altar of the Wu Jian Council.
  3324 | D:4      | Found a sparkling altar of Nemelex Xobeh.
  3324 | D:4      | Found a sacrificial altar of Ru.
  3324 | D:4      | Found an iron altar of Okawaru.
  3325 | D:4      | Found a burning altar of Makhleb.
  3326 | D:4      | Found a bloodstained altar of Trog.
  3326 | D:4      | Found a glowing silver altar of Zin.
  3333 | D:4      | Found a snail-covered altar of Cheibriados.
  3364 | D:4      | Reached ** piety under Hepliaklqana
  3365 | D:4      | Remembered your ancestor Ramose as a battlemage
  3387 | D:4      | You fall into a shaft and drop 3 floors!
  3417 | D:7      | Reached skill level 1 in Dodging
  3481 | D:7      | Reached XP level 7. HP: 47/47 MP: 7/7
  3574 | D:7      | Noticed a hornet
  3581 | D:7      | Killed a hornet
  3581 | D:7      | Reached skill level 6 in Maces & Flails
  3591 | D:7      | Reached XP level 8. HP: 25/54 MP: 8/8
  3972 | D:7      | Reached skill level 7 in Maces & Flails
  4467 | D:6      | Reached skill level 8 in Maces & Flails
  4947 | D:6      | Noticed a komodo dragon
  4962 | D:6      | Killed a komodo dragon
  4962 | D:6      | Reached skill level 9 in Maces & Flails
  4962 | D:6      | Reached XP level 9. HP: 20/59 MP: 9/9
  5377 | D:6      | Reached *** piety under Hepliaklqana
  5377 | D:6      | Noticed Duvessa
  5385 | D:6      | Noticed Dowan
  5390 | D:6      | Killed Duvessa
  5390 | D:6      | Reached skill level 5 in Armour
  5393 | D:6      | Killed Dowan
  5523 | D:6      | Reached skill level 5 in Fighting
  5616 | D:6      | Reached skill level 5 in Shields
  5790 | D:5      | Entered Level 5 of the Dungeon
  5812 | D:5      | Reached skill level 10 in Maces & Flails
  6007 | D:5      | Found a staircase to the Ecumenical Temple.
  6115 | D:5      | Noticed Pikel
  6162 | D:5      | Killed Pikel
  6162 | D:5      | Reached XP level 10. HP: 30/66 MP: 10/10
  6408 | D:5      | Found a shimmering altar of Xom.
  6832 | D:8      | Reached **** piety under Hepliaklqana
  7438 | D:8      | Reached skill level 11 in Maces & Flails
  7681 | D:8      | You fall into a shaft and drop 3 floors!
  8078 | D:11     | Reached XP level 11. HP: 48/72 MP: 11/11
  8400 | D:11     | Noticed a skeletal warrior
  8403 | D:11     | Noticed a skeletal warrior
  8404 | D:11     | Noticed a skeletal warrior
  8432 | D:10     | Entered Level 10 of the Dungeon
  8514 | D:10     | Reached skill level 12 in Maces & Flails
  8823 | D:10     | Noticed Josephine
  8841 | D:10     | Reached ***** piety under Hepliaklqana
  9882 | D:10     | Killed Josephine
  9882 | D:10     | Reached skill level 1 in Crossbows
 10467 | D:11     | Noticed a skeletal warrior
 10474 | D:11     | Noticed a skeletal warrior
 10753 | D:11     | Killed a skeletal warrior
 11072 | D:12     | Slain by a vampire

Illustrated notes

Levels and vault maps discovered:
D:1:      dpeg_arrival_brainrot, layout_basic, minivault_26,
          minmay_misc_feat_square, minivault_11, minmay_tiny_reverse_x
D:2:      cheibrodos_fertilizer, layout_basic, lemuel_doored_altar,
          uniq_terence, uniq_crazy_yiuf_cottage
D:3:      layout_basic, first_ration
D:4:      layout_loops_ring, grunt_temple_overflow_open,
          minmay_misc_feat_hallway, chequers_arboretum,
          minmay_misc_feat_nine_boxes, grunt_decor_resistance
D:5:      layout_basic, xom_teletrap_fun, minmay_temple_entry_enclosed_plants,
          chequers_serial_rivers_marsh, uniq_pikel
D:6:      layout_basic, uniq_duvessa
D:7:      layout_loops_ring
D:8:      layout_layer_cave, enter_bailey_3, hangedman_little_slice_of_home
D:10:     layout_gridville, serial_glass, glass_columns_c, glass_columns_a,
          kennysheep_generic_room_8, uniq_josephine
D:11:     layout_gridville, minmay_crystal_room
D:12:     layout_loops_ring

Skill      XL: |  1  2  3  4  5  6  7  8  9 10 11 |
---------------+----------------------------------+-----
Maces & Flails | 3 4 5 6 9 10 11 12 | 12.9
Dodging        | 1 2 3 |  3.1
Armour         | 4 5 6 7 |  7.5
Fighting       | 4 5 6 |  6.5
Shields        | 4 5 6 7 |  7.4
Crossbows      | 2 |  2.0
Throwing       | |  0.3
Stealth        | |  0.1

Action                   |  1- 3 |  4- 6 |  7- 9 | 10-12 || total
-------------------------+-------+-------+-------+-------++-------
Melee: Flail             |   108 |   127 |   237 |     9 ||   481
       Morningstar       |       |       |       |   337 ||   337
Throw: Stone             |     7 |    17 |     7 |       ||    31
       Dart              |       |       |    25 |     7 ||    32
       Boomerang         |       |       |    11 |    21 ||    32
       Javelin           |       |       |       |     6 ||     6
Invok: Recall Ancestor   |       |     1 |       |     1 ||     2
       Ancestor Life: Ba |       |     1 |       |       ||     1
Evoke: Wand              |       |       |       |    19 ||    19
  Use: Scroll            |     5 |     8 |     1 |    13 ||    27
       Potion            |       |     2 |     3 |    16 ||    21
 Stab: Distracted        |       |     1 |     3 |       ||     4
       Invisible         |       |       |       |     2 ||     2
  Eat: Chunk             |     1 |     4 |     5 |     6 ||    16
       Ration            |       |     1 |     1 |     4 ||     6
Armor: Scale mail        |    65 |       |       |       ||    65
       Chain mail        |     4 |    61 |   141 |   237 ||   443
       Skin              |       |       |       |     2 ||     2
Dodge: Dodged            |    40 |    22 |    51 |    96 ||   209
Block: Kite shield       |    57 |    46 |   127 |   216 ||   446
